 Dungeon Crawl Stone Soup version 0.29.1-1-gd02db6906a (webtiles) character file.

Game seed: 10802429595597478059

3265 smilodon the Grappler (level 9, -9/81 HPs)
             Began as a Troll Fighter on Sept 18, 2022.
             Was a Priest of Zin.
             Mangled by an orc warrior
             ... wielding a +0 war axe
              (22 damage)
             ... in a bailey.
             The game lasted 00:10:33 (5901 turns).

smilodon the Grappler (Troll Fighter)               Turns: 5901, Time: 00:10:34

Health: -9/81      AC:  7    Str: 40    XL:     9   Next: 68%
Magic:  8/8        EV:  8    Int:  7    God:    Zin [***...]
Gold:   252        SH: 12    Dex:  9    Spells: 8/8 levels left

rFire   x . .      SeeInvis .     - Unarmed
rCold   . . .      Faith    .   b - +0 kite shield
rNeg    + . .      Spirit   .   y - +2 robe of the Distant Future {rElec rC- Str+4}
rPois   .          Reflect  +   l - +0 hat
rElec   +          Harm     .   x - +0 cloak
rCorr   .          Rampage  .   (gloves unavailable)
Will    +....                   (boots unavailable)
Stlth   +.........              h - amulet of reflection
HPRegen 1.03/turn               q - +6 ring of strength
MPRegen 0.11/turn               m - ring of Siegi {Ice *Slow rN+ Will+ Int+3}

@: mighty
A: large, unfitting armour, claws 3, regeneration 1, shaggy fur 1, tough skin 1
a: Renounce Religion, Recite, Vitalisation, Imprison, Donate Gold


You were in a bailey.
You worshipped Zin.
Zin was most pleased with you.
You visited 2 branches of the dungeon, and saw 8 of its levels.
You also visited: Bailey.

You collected 279 gold pieces.
You donated 27 gold pieces to Zin.

Inventory:

Hand Weapons
 z - a +7 short sword
Armour
 a - a +0 robe
 b - a +0 kite shield (worn)
 l - a +0 hat (worn)
 x - a +0 cloak (worn)
 y - the +2 robe of the Distant Future (worn) {rElec rC- Str+4}
   (You found it on level 7 of the Dungeon)

   Str:       It affects your strength (+4).
   rC:        It makes you vulnerable to cold.
   rElec:     It insulates you from electricity.
Jewellery
 g - a ring of ice
 h - an amulet of reflection (around neck)
 m - the ring of Siegi (right claw) {Ice *Slow rN+ Will+ Int+3}
   (You found it on level 3 of the Dungeon)

   [ring of ice]

   It enhances your ice magic.
   Int:       It affects your intelligence (+3).
   rF:        It makes you vulnerable to fire.
   rC:        It protects you from cold.
   rN:        It protects you from negative energy.
   *Slow:     It may slow you when you take damage.
   Will:      It increases your willpower.
 q - a +6 ring of strength (left claw)
 w - an amulet of magic regeneration
Scrolls
 f - 3 scrolls of teleportation
 i - a scroll of enchant armour
 n - a scroll of fear
 o - a scroll of amnesia
 s - 2 scrolls of noise
 t - a scroll of identify
Potions
 c - 4 potions of might
 d - a potion of cancellation
 e - a potion of haste
 j - a potion of attraction
 p - 2 potions of degeneration
 r - a potion of curing
 u - a potion of mutation {unknown}
 v - a potion of lignification {unknown}


   Skills:
 - Level 3.0 Fighting
 - Level 3.0 Dodging
 - Level 3.2 Shields
 + Level 13.2 Unarmed Combat


You had 8 spell levels left.
You didn't know any spells.
Your spell library contained the following spells:

 Spells                   Type           Power      Damage    Failure   Level
 Necrotise                Necr           0%         1d4       73%         1
 Sting                    Tmut/Pois      0%         1d3       73%         1
 Blink                    Tloc           0%         N/A       86%         2
 Poisonous Vapours        Pois/Air       0%         N/A       86%         2
 Static Discharge         Conj/Air       0%         3-3/arc   86%         2
 Dazzling Flash           Conj/Hex       0%         N/A       97%         3
 Lesser Beckoning         Tloc           0%         N/A       97%         3
 Vampiric Draining        Necr           0%         2d6       97%         3
 Dispel Undead            Necr           0%         3d6       100%        4
 Olgreb's Toxic Radiance  Pois           0%         N/A       100%        4
 Sticky Flame             Conj/Fire      0%         2d3       100%        4
 Agony                    Necr           0%         N/A       100%        5
 Manifold Assault         Tloc           0%         N/A       100%        5
 Silence                  Hex/Air        0%         N/A       100%        5


Dungeon Overview and Level Annotations

Branches:
Dungeon (7/15)             Temple (1/1) D:5          Bailey (1/1)

Altars:
Ashenzari
Elyvilon
Fedhas
Gozag
Hepliaklqana
Makhleb
Nemelex Xobeh
Okawaru
Ru
Sif Muna
Uskayaw
Wu Jian
Xom
Yredelemnul
Zin

Shops:
D:1 *

Annotations:
D:5 2 runed translucent doors, Powertoast's ghost, novice TrGl


Innate Abilities, Weirdness & Mutations

You are too large for most types of armour.
You have claws for hands.
Your natural rate of healing is unusually fast.
You are covered in fur. (AC +1)
You have tough skin. (AC +1)


Message History

Things that are here:
a +0 hand axe; a +0 leather armour; a hobgoblin corpse You closely miss the orc knight.
You hear a shout!
The orc knight barely misses you.
You closely miss the orc knight. You block the orc knight's attack.
You mangle the orc knight!!
The orc knight is moderately wounded.
The orc knight hits you with a +0 war axe!!
You closely miss the orc knight.
The orc knight is moderately wounded.
You block the orc warrior's attack. You block the orc knight's attack.
You mangle the orc knight!!
The orc knight is severely wounded.
The orc warrior hits you with a +0 war axe!
The orc knight roars a battlecry!
The orc warrior goes into a battle-frenzy!
You closely miss the orc knight.
The orc knight is severely wounded.
The gnoll hits you with a +0 war axe! You block the orc warrior's attack.
The orc knight hits you with a +0 war axe!
* * * LOW HITPOINT WARNING * * *
You mangle the orc knight!!
You kill the orc knight!
You block the orc warrior's attack. You block the gnoll's attack.
Your Unarmed Combat skill increases to level 13!
You closely miss the orc warrior. You block the orc warrior's attack.
The gnoll hits you but does no damage.
You claw the orc warrior!
The orc warrior is moderately wounded.
You barely miss the orc warrior.
The orc warrior is moderately wounded.
You block the gnoll's attack.
The orc warrior hits you with a +0 war axe.
* * * LOW HITPOINT WARNING * * *
You claw the orc warrior!
The orc warrior is severely wounded.
You block the gnoll's attack.
The orc warrior hits you with a +0 war axe!!
You die...

############
####....g......
##......@)...#
##........o#'##
#.....⌠....# ##.......###
.# ###.....# ..###
#####......###.... .#
≈≈≈≈≈≈≈≈.....#..####o####
.#
#≈≈≈≈≈≈≈~≈~.####.......####
###....~≈≈≈≈≈≈∩#.o.[...#K≈≈


You could see an orc warrior (strong) and a gnoll.

Vanquished Creatures
  An orc knight (Bailey)
  Prince Ribbit (D:6)
  Menkaure (D:6)
  Edmund (D:6)
  A water moccasin (D:7)
  A sky beast (D:7)
  An orc warrior (Bailey)
  A black bear (D:5)
  An ice beast (D:7)
  3 ogres
  3 phantoms
  4 scorpions
  A necrophage (D:6)
  4 wights (D:7)
  A howler monkey (D:5)
  5 hounds
  A jelly (D:4)
  4 orc priests (D:4)
  2 iguanas
  An iron imp (D:6)
  Jessica (D:3)
  Natasha (thrice) (D:2)
  2 orc wizards
  7 adders
  A white imp (D:6)
  3 ufetubi
  A worm (D:3)
  A dart slug (D:2)
  11 orcs
  9 bats
  6 endoplasms
  4 giant cockroaches
  11 goblins
  8 hobgoblins
  3 jackals
  3 quokkas (D:1)
  6 ball pythons
  2 frilled lizards
  7 kobolds
  3 rats
130 creatures vanquished.

Vanquished Creatures (collateral kills)
  2 orc warriors (Bailey)
  An orc (Bailey)
  5 kobolds (Bailey)
8 creatures vanquished.

Vanquished Creatures (others)
  A fungus (D:4)
  A plant (D:4)
2 creatures vanquished.

Grand Total: 140 creatures vanquished

Notes
Turn   | Place    | Note
-------+----------+-------------------------------------------
     0 | D:1      | smilodon the Troll Fighter began the quest for the Orb.
     0 | D:1      | Reached XP level 1. HP: 22/22 MP: 0/0
   127 | D:1      | Found Mucuj's Assorted Antiques.
   212 | D:1      | Reached XP level 2. HP: 21/29 MP: 1/1
   808 | D:2      | Noticed Natasha
   816 | D:2      | Killed Natasha
   817 | D:2      | Reached XP level 3. HP: 29/36 MP: 2/2
  1062 | D:2      | Noticed Natasha
  1068 | D:2      | Killed Natasha
  1069 | D:2      | Reached XP level 4. HP: 45/45 MP: 3/3
  1075 | D:2      | Noticed Natasha
  1086 | D:2      | Killed Natasha
  1087 | D:2      | Reached skill level 3 in Unarmed Combat
  1665 | D:3      | Reached XP level 5. HP: 52/53 MP: 4/4
  1771 | D:3      | Noticed Jessica
  1776 | D:3      | Killed Jessica
  1777 | D:3      | Reached skill level 4 in Unarmed Combat
  1907 | D:3      | Identified the +6 rapier "Ukirrofi" {drain, Will- Str-5
                  | Int+10 Dex+2}
  2053 | D:3      | Noticed a phantom
  2061 | D:3      | Killed a phantom
  2062 | D:3      | Reached skill level 5 in Unarmed Combat
  2174 | D:3      | Identified the ring of Siegi {Ice *Slow rN+ Will+ Int+3}
  2651 | D:3      | Reached XP level 6. HP: 61/61 MP: 5/5
  2880 | D:4      | Found a blossoming altar of Fedhas.
  2915 | D:4      | Reached skill level 6 in Unarmed Combat
  3016 | D:4      | Reached XP level 7. HP: 67/67 MP: 6/6
  3472 | D:4      | Reached skill level 7 in Unarmed Combat
  3570 | D:5      | Entered Level 5 of the Dungeon
  3615 | D:5      | Found a staircase to the Ecumenical Temple.
  3716 | Temple   | Entered the Ecumenical Temple
  3716 | Temple   | Found a transporter.
  3716 | Temple   | Found a transporter.
  3718 | Temple   | Found a transporter.
  3718 | Temple   | Found a transporter.
  3785 | D:5      | Found a glowing silver altar of Zin.
  3790 | D:5      | Became a worshipper of Zin the Law-Giver
  3820 | D:5      | Reached * piety under Zin
  3873 | D:5      | Found a runed translucent door.
  3878 | D:5      | Noticed Powertoast's ghost (novice TrGl)
  4004 | D:5      | Reached skill level 8 in Unarmed Combat
  4185 | D:5      | Found a runed translucent door.
  4240 | D:5      | Reached XP level 8. HP: 62/75 MP: 7/7
  4369 | D:5      | Reached skill level 9 in Unarmed Combat
  4542 | D:6      | Found a burning altar of Makhleb.
  4568 | D:6      | Reached ** piety under Zin
  4634 | D:6      | Noticed Edmund
  4640 | D:6      | Killed Edmund
  4742 | D:6      | Noticed Prince Ribbit
  4747 | D:6      | Killed Prince Ribbit
  4748 | D:6      | Reached skill level 10 in Unarmed Combat
  4998 | D:6      | Noticed Menkaure
  5004 | D:6      | Killed Menkaure
  5005 | D:6      | Reached skill level 11 in Unarmed Combat
  5249 | D:6      | Found a shimmering blue altar of Sif Muna.
  5513 | D:7      | Reached XP level 9. HP: 74/81 MP: 8/8
  5519 | D:7      | Identified the +2 robe of the Distant Future {rElec rC-
                  | Str+4}
  5552 | D:7      | Found an opulent altar of Gozag.
  5553 | D:7      | Found a sparkling altar of Nemelex Xobeh.
  5563 | D:7      | Reached *** piety under Zin
  5626 | D:7      | Reached skill level 12 in Unarmed Combat
  5682 | D:7      | Found a flagged portal.
  5702 | Bailey   | Entered a bailey
  5742 | Bailey   | HP: 4/81 [orc warrior/+0 war axe (17)]
  5745 | Bailey   | HP: 1/81 [orc warrior/+0 war axe (7)]
  5844 | Bailey   | Identified the +8 chain mail "Rihof" {rC+ Slay+3}
  5886 | Bailey   | Noticed an orc knight
  5897 | Bailey   | Killed an orc knight
  5898 | Bailey   | Reached skill level 13 in Unarmed Combat
  5901 | Bailey   | Mangled by an orc warrior

Illustrated notes

Levels and vault maps discovered:
D:1:      minmay_arrival_stone_box, layout_loops_corners, serial_shops, shop,
          minmay_misc_feat_chi, minivault_4
D:2:      layout_basic, uniq_natasha
D:3:      layout_loops_ring, serial_co_window_serial, co_window_cross_1,
          co_window_paths_b, co_window_corner_a, co_window_of_opportunity_a,
          co_window_paths_a, co_window_broadway_a, co_window_unsneaky_path_b,
          co_window_2corner, co_window_paths_d, co_window_4corner_a,
          minmay_close_crescents, uniq_jessica
D:4:      layout_gridville, fedhas_altar_3, kennysheep_diamond, sigmund_army
D:5:      layout_loops_corners, kennysheep_little_box,
          minmay_temple_entry_butterflies, ebering_ghost_sewer_f,
          minmay_misc_feat_tiny
D:6:      layout_basic, lemuel_blue_sif_altar, makhleb_grotto_becter,
          serial_bayou_crossing, uniq_edmund, uniq_menkaure, uniq_prince_ribbit1
D:7:      layout_basic, grunt_temple_overflow_opulence, bloody_trog,
          serial_shops, shop, enter_bailey_5, grunt_decor_clamped
Temple:   hellmonk_temple_divided_pantheon
Bailey:   bailey_axe_4, bailey

Skill      XL: |  1  2  3  4  5  6  7  8  9 |
---------------+----------------------------+-----
Shields        | 3 |  3.2
Fighting       | 3 |  3.0
Dodging        | 3 |  3.0
Unarmed Combat | 3 5 6 8 11 13 | 13.2

Action                   |  1- 3 |  4- 6 |  7- 9 || total
-------------------------+-------+-------+-------++-------
Melee: Unarmed           |    88 |   133 |   185 ||   406
  Use: Scroll            |     2 |     3 |     9 ||    14
       Potion            |     1 |       |     3 ||     4
Armor: Robe              |    39 |    41 |    33 ||   113
Dodge: Dodged            |    31 |    41 |    40 ||   112
Block: Kite shield       |    45 |    67 |   121 ||   233
       Reflection        |       |     1 |     9 ||    10
